 Dungeon Crawl Stone Soup version 0.31-a0-174-g85c54bcb58 (webtiles) character file.

Game seed: 12289543805269556619

7481 Pooter the Cleaver (level 10, -2/94 HPs)
             Began as a Minotaur Monk on June 16, 2023.
             Killed from afar by an acid dragon (19 damage)
             ... with a splash of acid
             ... on level 8 of the Dungeon.
             The game lasted 00:44:46 (9569 turns).

Pooter the Cleaver (Minotaur Monk)                  Turns: 9569, Time: 00:44:47

Health: -2/94      AC: 13    Str: 18    XL:     10   Next: 94%
Magic:  0/9        EV:  8    Int:  7    God:
Gold:   518        SH:  0    Dex: 15    Spells: 9/9 levels left

rFire   . . .        a - +3 battleaxe
rCold   . . .        (shield currently unavailable)
rNeg    . . .        E - +0 chain mail {rPois}
rPois   +            (helmet restricted)
rElec   .            (no cloak)
rCorr   .            (no gloves)
SInv    .            t - +0 pair of boots
Will    .....        G - amulet of guardian spirit Stlth
                     J - +4 ring of protection
HPRegen 0.35/turn    I - ring of flight
MPRegen 0.11/turn

%: guardian spirit
@: flying
A: horns 2, retaliatory headbutt
a: no special abilities


You were on level 8 of the Dungeon.
You visited 2 branches of the dungeon, and saw 9 of its levels.

You collected 518 gold pieces.

Inventory:

Hand Weapons
 a - a +3 battleaxe (weapon)
   (You found it on level 4 of the Dungeon)
 b - a +0 orcbow
   (You took it off a centaur on level 5 of the Dungeon)
 e - a +0 war axe of freezing
   (You took it off an orc on level 8 of the Dungeon)
 w - a +0 morningstar of holy wrath
   (You took it off an orc priest on level 8 of the Dungeon)
 y - a +0 antimagic spear
   (You took it off a gnoll on level 3 of the Dungeon)
 D - a +0 war axe of electrocution
   (You took it off an orc on level 6 of the Dungeon)
Missiles
 n - 23 poisoned darts (quivered)
 r - a curare-tipped dart
 A - 3 boomerangs
 H - a throwing net {!f}
 M - 3 datura-tipped darts
 Q - 87 stones
Armour
 d - an orb of light
 m - a +2 kite shield
   (You found it on level 1 of the Dungeon)
 s - a +2 plate armour
   (You found it on level 2 of the Dungeon)
 t - a +0 pair of boots (worn)
   (You found it on level 3 of the Dungeon)
 E - a +0 chain mail of poison resistance (worn)
   (You took it off an orc warrior on level 6 of the Dungeon)
Jewellery
 G - an amulet of guardian spirit (around neck)
   (You found it on level 6 of the Dungeon)
 I - a ring of flight (right hand)
   (You found it on level 7 of the Dungeon)
 J - a +4 ring of protection (left hand)
   (You found it on level 7 of the Dungeon)
 N - a ring of positive energy
   (You took it off an orc wizard on level 6 of the Dungeon)
Wands
 f - a wand of flame (19)
   (You took it off Joseph on level 7 of the Dungeon)
 u - a wand of paralysis (8)
   (You took it off an orc warrior on level 8 of the Dungeon)
Scrolls
 h - a scroll of vulnerability {unknown}
 i - 3 scrolls of teleportation {unknown}
 k - a scroll of revelation
 v - 3 scrolls of immolation {!r}
 C - 4 scrolls of fear {unknown}
 F - a scroll of amnesia {unknown}
Potions
 c - a potion of ambrosia
 g - a potion of attraction {unknown}
 j - 2 potions of curing {@q1}
 l - a potion of lignification {unknown}
 o - 2 potions of brilliance {unknown}
 p - a potion of berserk rage {unknown}
 q - a potion of degeneration {unknown}
 x - a potion of resistance {unknown}
 z - 2 potions of enlightenment {unknown}
 B - a potion of magic {unknown}
 K - 3 potions of mutation {!q}
 L - a potion of cancellation {unknown}


   Skills:
 + Level 10.7 Fighting
 * Level 14.4 Axes
 * Level 9.4 Ranged Weapons
 - Level 3.2 Dodging


You had 9 spell levels left.
You didn't know any spells.
Your spell library contained the following spells:

 Spells                   Type           Power      Damage    Failure   Level
 Apportation              Tloc           0%         N/A       99%         1
 Necrotise                Necr           0%         1d4       99%         1
 Shock                    Conj/Air       0%         1d3       99%         1
 Sting                    Tmut/Pois      0%         1d3       99%         1
 Poisonous Vapours        Pois/Air       0%         N/A       100%        2
 Static Discharge         Conj/Air       0%         2-2/arc   100%        2
 Hailstorm                Conj/Ice       0%         3d3       100%        3
 Swiftness                Air            0%         N/A       100%        3
 Vampiric Draining        Necr           0%         2d6       100%        3
 Airstrike                Air            0%         2d(0-16)  100%        4
 Ice Form                 Ice/Tmut       0%         N/A       100%        4
 Olgreb's Toxic Radiance  Pois           0%         N/A       100%        4
 Summon Lightning Spire   Summ/Air       0%         N/A       100%        4
 Agony                    Necr           0%         N/A       100%        5
 Alistair's Intoxication  Tmut/Pois      0%         N/A       100%        5
 Simulacrum               Ice/Necr       0%         N/A       100%        6
 Ozocubu's Refrigeration  Ice            0%         4d7       100%        7
 Polar Vortex             Ice            0%         N/A       100%        9


Dungeon Overview and Level Annotations

Branches:
Dungeon (8/15)             Temple (1/1) D:5
   Lair: D:8-11

Altars:
Ashenzari
Cheibriados
Dithmenos
Elyvilon
Fedhas
Gozag
Kikubaaqudgha
Makhleb
Qazlal
Ru
Sif Muna
Trog
Vehumet
Xom
Yredelemnul
Zin
The Shining One


Innate Abilities, Weirdness & Mutations

You have a pair of horns on your head.
You reflexively headbutt those who attack you in melee.


Message History

* * * LOW HITPOINT WARNING * * *
The manticore claws you.
* * * LOW MAGIC WARNING * * *
* * * LOW HITPOINT WARNING * * *
The manticore claws you.
* * * LOW HITPOINT WARNING * * *
You slash the manticore!
You headbutt the manticore, but do no damage.
The manticore bites you but does no damage.
The manticore claws you.
* * * LOW HITPOINT WARNING * * *
The manticore claws you but does no damage.
You hit the manticore but do no damage. The manticore bites you!
* * * LOW HITPOINT WARNING * * *
The manticore claws you.
* * * LOW HITPOINT WARNING * * *
The manticore barely misses you.
You slice the manticore!! You headbutt the manticore!
The manticore bites you but does no damage.
The manticore claws you.
* * * LOW HITPOINT WARNING * * *
The manticore closely misses you.
You hit the manticore but do no damage.
The manticore bites you but does no damage.
The manticore claws you but does no damage.
The manticore claws you!
* * * LOW MAGIC WARNING * * *
* * * LOW HITPOINT WARNING * * *
You hit the manticore.
You headbutt the manticore, but do no damage.
The manticore bites you!
* * * LOW MAGIC WARNING * * *
* * * LOW HITPOINT WARNING * * *
The manticore claws you.
* * * LOW HITPOINT WARNING * * *
The manticore closely misses you.
You slice the manticore!!
You kill the manticore!
You start resting.
An acid dragon comes into view.
Okay, then.
You feel better.
The acid dragon roars!
The acid dragon spits acid at you.
The splash of acid hits you but does no damage.
You see here a manticore corpse.
The acid dragon spits acid at you. The splash of acid hits you!!
* * * LOW MAGIC WARNING * * *
You die...

#. ###.# .. ....# #..
#.#....### #..
########......... #..
.......#...#...# #..
..?.... .......#.#####..
.......##..#...#........
...
.......@†..#............
...
.......##.....D........)
#.# .......
#........###.#.. #.#
....... ###.#.##.# #.#.)
#.############ #.#.##.#
#.#.) #.##......#
#.#.##.# #....
#.##.####.# #.#.##.#
#.#.. #<##.####.#####
#......###....
#.......#.....#
###.##))...#..


You could see an acid dragon (catching breath).

Vanquished Creatures
  A two-headed ogre (D:6)
  Pikel (D:7)
  2 manticores
  Joseph (D:7)
  A wraith (D:8)
  A warg (D:6)
  Menkaure (D:6)
  A water moccasin (D:5)
  4 orc warriors
  A sky beast (D:6)
  3 black bears
  An ice beast (D:5)
  5 ogres (D:6)
  2 centaurs
  5 phantoms
  3 kobold brigands (D:6)
  2 bullfrogs
  7 scorpions
  A water moccasin zombie (D:4)
  3 killer bees (D:8)
  4 howler monkeys (D:6)
  2 bullfrog zombies (D:4)
  2 centaur zombies (D:4)
  12 hounds
  4 jellies
  A bullfrog skeleton (D:4)
  A centaur skeleton (D:4)
  8 orc priests
  6 gnoll boudas
  2 iguanas
  4 scorpion zombies (D:4)
  10 orc wizards
  4 hound zombies (D:4)
  4 hound skeletons (D:4)
  2 howler monkey zombies (D:4)
  26 gnolls
  3 howler monkey skeletons (D:4)
  4 adders
  2 shadow imps (D:5)
  3 adder zombies (D:4)
  A worm (D:4)
  4 dart slugs
  25 orcs
  5 bats
  2 endoplasms
  5 giant cockroaches
  7 goblins
  5 hobgoblins
  16 kobolds
  4 quokkas
  7 ball pythons
  2 frilled lizards (D:2)
  8 rats
241 creatures vanquished.

Notes
Turn   | Place    | Note
-------+----------+-------------------------------------------
     0 | D:1      | Pooter the Minotaur Monk began the quest for the Orb.
     0 | D:1      | Reached XP level 1. HP: 19/19 MP: 0/0
    57 | D:1      | Reached skill level 4 in Axes
   103 | D:1      | Reached XP level 2. HP: 24/27 MP: 1/1
   271 | D:1      | Found a faded altar of an unknown god.
   756 | D:2      | Reached XP level 3. HP: 33/33 MP: 2/2
  1375 | D:2      | Reached skill level 5 in Axes
  1732 | D:3      | HP: 1/34 [frozen (5)]
  2110 | D:3      | Reached XP level 4. HP: 41/41 MP: 1/3
  2966 | D:4      | Reached skill level 5 in Fighting
  2966 | D:4      | Reached skill level 6 in Axes
  2966 | D:4      | Reached XP level 5. HP: 44/48 MP: 4/4
  2983 | D:4      | Noticed a phantom
  2992 | D:4      | Killed a phantom
  2999 | D:4      | Reached skill level 7 in Axes
  2999 | D:4      | Reached XP level 6. HP: 39/56 MP: 5/5
  3097 | D:4      | Found a white marble altar of Elyvilon.
  3398 | D:4      | Reached skill level 8 in Axes
  3408 | D:4      | Reached XP level 7. HP: 53/64 MP: 6/6
  3625 | D:5      | Entered Level 5 of the Dungeon
  3742 | D:5      | Reached skill level 9 in Axes
  3746 | D:5      | Found a staircase to the Ecumenical Temple.
  3905 | D:4      | Reached XP level 8. HP: 68/73 MP: 7/7
  3976 | D:4      | Reached skill level 10 in Axes
  4161 | Temple   | Entered the Ecumenical Temple
  4303 | D:5      | Reached skill level 1 in Ranged Weapons
  4758 | D:5      | Found a broken altar of Ashenzari.
  4931 | D:5      | Reached skill level 11 in Axes
  5359 | D:6      | Reached XP level 9. HP: 81/82 MP: 8/8
  5370 | D:6      | Found a shimmering blue altar of Sif Muna.
  5408 | D:6      | Noticed a manticore
  5414 | D:6      | Killed a manticore
  5434 | D:6      | Reached skill level 5 in Ranged Weapons
  5785 | D:6      | Reached skill level 12 in Axes
  6738 | D:6      | Reached XP level 10. HP: 90/92 MP: 9/9
  6917 | D:6      | Reached skill level 13 in Axes
  7288 | D:6      | Noticed a two-headed ogre
  7301 | D:6      | Killed a two-headed ogre
  7302 | D:6      | Reached skill level 10 in Fighting
  7904 | D:7      | Noticed Joseph
  8177 | D:7      | Noticed Pikel
  8186 | D:7      | Killed Pikel
  8575 | D:7      | Noticed Menkaure
  8584 | D:6      | Killed Menkaure
  8854 | D:7      | Killed Joseph
  8855 | D:7      | Reached skill level 14 in Axes
  9531 | D:8      | Noticed a manticore
  9548 | D:8      | HP: 2/94 [manticore (4)]
  9549 | D:8      | Killed a manticore
  9569 | D:8      | Killed from afar by an acid dragon

Illustrated notes

Levels and vault maps discovered:
D:1:      minmay_arrival_nine_rooms, layout_basic,
          dreamdust_ecumenical_altar_statues, minmay_distorted
D:2:      layout_basic
D:3:      layout_rooms, minmay_puff
D:4:      layout_basic, elyvilon_altar_3, serial_undead, serial_undead_d,
          serial_undead_a, serial_undead_c, serial_undead_a, serial_undead_b,
          serial_undead_a, serial_undead_d, serial_undead_b, serial_undead_f,
          serial_undead_a, kennysheep_nondescript
D:5:      layout_loops_ring, ashenzari_conservatory_becter,
          minmay_temple_entry_glass, corexii_leaking_fountain,
          kennysheep_opposing_triangles
D:6:      lemuel_castle_with_subvaults [lemuel_castle_interior_carwin_1],
          layout_basic, mainiacjoe_overflow_tiny_flanked,
          chequers_serial_rivers_micro_a, st_stairs_7, kennysheep_generic_room_2
D:7:      layout_basic, uniq_joseph, uniq_pikel, uniq_menkaure
D:8:      layout_loops_cross
Temple:   jpeg_temple_clearing

Skill      XL: |  1  2  3  4  5  6  7  8  9 10 |
---------------+-------------------------------+-----
Axes           | 4 5 6 7 8 9 11 12 14 | 14.4
Fighting       | 4 5 6 7 8 9 10 | 10.7
Ranged Weapons | 3 7 9 |  9.4
Dodging        | |  3.2

Action                     |  1- 3 |  4- 6 |  7- 9 | 10-12 || total
---------------------------+-------+-------+-------+-------++-------
  Melee: Flail             |    97 |    39 |       |       ||   136
         Headbutt          |    12 |    20 |    48 |    25 ||   105
         Hand axe          |     1 |     8 |       |       ||     9
         Spear             |       |    24 |       |       ||    24
         Battleaxe         |       |    36 |   232 |   110 ||   378
         War axe           |       |       |     2 |       ||     2
   Fire: Orcbow            |       |       |    85 |    70 ||   155
  Throw: Dart              |     4 |     4 |       |     7 ||    15
  Evoke: Wand              |       |       |       |     1 ||     1
    Use: Scroll            |     5 |     6 |     7 |       ||    18
         Potion            |       |       |     4 |     1 ||     5
 Armour: Robe              |     9 |       |       |       ||     9
         Plate armour      |    41 |    86 |   149 |       ||   276
         Chain mail        |       |       |    30 |    59 ||    89
  Dodge: Dodged            |    44 |    24 |    90 |    55 ||   213
  Block: Kite shield       |    36 |    48 |       |       ||    84

Table legend: (Time is in decaauts)
 A = Elapsed time spent in this place.
 B = Non-inter-level travel time spent in this place.
 C = Inter-level travel time spent in this place.
 D = Time resting spent in this place.
 E = Time spent auto-exploring this place.
 F = Levels seen in this place.
 G = Mean time per level.
                   A        B        C        D        E       F      G
               +--------+--------+--------+--------+--------+-----+--------+
         Total |   9748 |   9495 |    253 |   3024 |   4477 |   9 | 1083.1 |
       Dungeon |   9661 |   9425 |    236 |   3024 |   4422 |   8 | 1207.6 |
        Temple |     86 |     69 |     17 |      0 |     55 |   1 |   86.0 |
               +--------+--------+--------+--------+--------+-----+--------+

Top non-repeatable levels by time:
     D:6: 2635 daAuts
     D:7: 1378 daAuts
     D:2: 1304 daAuts
     D:5: 1201 daAuts
     D:4: 1087 daAuts
     D:3: 952 daAuts
     D:1: 746 daAuts
     D:8: 355 daAuts
  Temple: 86 daAuts
